 Dungeon Crawl Stone Soup version 0.29.1-2-gbd0b4ee654 (webtiles) character file.

Game seed: 698037336189474158

152 Algorand the Ducker (level 5, 0/38 HPs)
             Began as a Djinni Warper on Nov 15, 2022.
             Slain by an orc wizard
             ... wielding a +0 dagger
              (3 damage)
             ... on level 4 of the Dungeon.
             The game lasted 00:05:27 (3088 turns).

Algorand the Ducker (Djinni Warper)                 Turns: 3088, Time: 00:05:28

Health: 0/38       AC:  3    Str: 12    XL:     5   Next: 60%
Gold:   132        EV: 13    Int: 14    God:
                   SH:  0    Dex: 16

rFire   + + .      SeeInvis .   t - +7 quarterstaff of Conservatism {flame, Dex+3}
rCold   x . .      Faith    .   (shield currently unavailable)
rNeg    . . .      Spirit   .   b - +0 leather armour
rPois   ∞          Reflect  .   (no helmet)
rElec   .          Harm     .   (no cloak)
rCorr   .          Rampage  .   (no gloves)
Will    .....                   (boots unavailable)
Stlth   +.........              i - amulet of the acrobat
HPRegen 0.12/turn               (no ring)
MPRegen 0.00/turn               (no ring)

@: confused, flying
A: sickness immunity, fire resistance 2, cold vulnerability 1, float, innate
caster, HP casting, extra vitality 1
a: no special abilities


You were on level 4 of the Dungeon.
You visited 1 branch of the dungeon, and saw 4 of its levels.

You collected 132 gold pieces.

Inventory:

Hand Weapons
 a - a +0 falchion
 m - the +8 dagger of Grandeur {venom, rElec rC+}
   (You found it on level 2 of the Dungeon)

   It poisons the flesh of those it strikes.
   rC:        It protects you from cold.
   rElec:     It insulates you from electricity.
 n - a +0 broad axe
 t - the +7 quarterstaff of Conservatism (weapon) {flame, Dex+3}
   (You found it on level 3 of the Dungeon)

   It burns those it strikes, dealing additional fire damage.
   Dex:       It affects your dexterity (+3).
Missiles
 d - 7 boomerangs of dispersal (quivered)
 g - 14 poisoned darts
Armour
 b - a +0 leather armour (worn)
 h - a +0 kite shield
Jewellery
 i - an amulet of the acrobat (around neck)
Scrolls
 c - a scroll of blinking
 e - a scroll of immolation {unknown}
 f - a scroll of fog {unknown}
 o - a scroll of teleportation {unknown}
 p - a scroll of silence {unknown}
 u - a scroll of poison {unknown}
Potions
 j - 2 potions of attraction {unknown}
 k - 3 potions of flight {unknown}
 l - a potion of berserk rage {unknown}
 q - 2 potions of curing {unknown}
 r - a potion of haste {unknown}
 s - a potion of magic {unknown}


   Skills:
 - Level 2.0 Fighting
 - Level 1.7 Long Blades
 - Level 0.7 Throwing
 - Level 1.0 Armour
 + Level 4.2 Dodging
 - Level 3.0 Shields
 - Level 2.7 Spellcasting


You couldn't memorise any spells.
You knew the following spells:

 Your Spells              Type           Power      Damage    Failure   Level
a - Blink                 Tloc           18%        N/A       14%         2
b - Lesser Beckoning      Tloc           9%         N/A       26%         3
c - Gell's Gravitas       Tloc           9%         N/A       26%         3
d - Teleport Other        Tloc           9%         N/A       26%         3
e - Manifold Assault      Tloc           9%         N/A       94%         5
f - Necrotise             Necr           36%        1d5       9%          1
g - Searing Ray           Conj           18%        2d5       14%         2
Your spell library was empty.

Dungeon Overview and Level Annotations

Branches:
Dungeon (4/15)
 Temple: D:4-7

Altars:


Innate Abilities, Weirdness & Mutations

You are immune to sickness and miasma.
You are immune to poison.
Your flesh is very heat resistant. (rF++)
You are vulnerable to cold. (rC-)
You float through the air rather than walking.
You learn spells naturally, not from books.
Your magical power is your life essence.
You have superior vitality. (+4 MHP)


Message History

The orc hits you with a +0 falchion. The orc wizard barely misses you.
You closely miss the orc wizard.
The orc wizard is moderately wounded.
The orc wizard hits you with a +0 dagger. x2
The orc hits you with a +0 falchion.
You are too injured to fight recklessly!
You are too injured to fight recklessly!
You are too injured to fight recklessly!
You are too injured to fight recklessly!
You are too injured to fight recklessly!
You are too injured to fight recklessly!
You are too injured to fight recklessly!
You are too injured to fight recklessly!
You are too injured to fight recklessly!
You are too injured to fight recklessly!
You are too injured to fight recklessly!
You are too injured to fight recklessly!
You are too injured to fight recklessly!
You are too injured to fight recklessly!
You are too injured to fight recklessly!
The orc attacks as you move away! The orc barely misses you.
You see here a +0 club.
The orc wizard gestures wildly while chanting.
The orc wizard flickers and vanishes!
Deactivating autopickup; reactivate with Ctrl-A.
You hit the orc. You burn the orc.
You kill the orc!
The orc wizard points at you and mumbles some strange words.
You resist with some effort.
You barely miss something. Something hits you. x2
You closely miss something.
You hear some strange, mumbled words.
You are confused.
You sock something! You burn something.
You hear some strange, mumbled words.
A magic dart appears from out of thin air!
The magic dart hits you!
* * * LOW HITPOINT WARNING * * *
You closely miss something. Something hits you.
You die...

# ###. # ....# .#
##...## .# ##.....## ##
# .# ##.......## #.#.#
.####.........####....#
....+.........')@{o...#
.#.##.........####†...#
...###.......## #.###
P...###.....## .#
.P...##....## #
........#'## 8..P..#
#)# .....## #.#
.....####.##


You could see an orc wizard.

Vanquished Creatures
  2 iguanas (D:4)
  5 adders
  A worm (D:3)
  A dart slug (D:1)
  3 orcs
  3 endoplasms
  3 giant cockroaches
  2 goblins
  4 hobgoblins
  4 jackals (D:4)
  A quokka (D:1)
  5 ball pythons
  5 bats
  2 frilled lizards
  7 kobolds
  A rat (D:3)
49 creatures vanquished.

Vanquished Creatures (others)
  7 fungi (D:4)
7 creatures vanquished.

Grand Total: 56 creatures vanquished

Notes
Turn   | Place    | Note
-------+----------+-------------------------------------------
     0 | D:1      | Algorand the Djinni Warper began the quest for the Orb.
     0 | D:1      | Algorand set off with the following spells memorised:
                  | Blink, Lesser Beckoning, Gell's Gravitas, Teleport Other,
                  | Manifold Assault.
     0 | D:1      | Reached XP level 1. HP: 18/18 MP: 0/0
   251 | D:1      | Found a faded altar of an unknown god.
   610 | D:1      | Reached XP level 2. HP: 20/23 MP: 0/0
  1094 | D:2      | Reached skill level 1 in Shields
  1145 | D:2      | Identified the +8 dagger of Grandeur {venom, rElec rC+}
  1182 | D:2      | Reached XP level 3. HP: 28/28 MP: 0/0
  1182 | D:2      | Learned a level 1 spell: Necrotise
  1480 | D:2      | Reached XP level 4. HP: 30/33 MP: 0/0
  1758 | D:3      | Identified the +7 quarterstaff of Conservatism {flame,
                  | Dex+3}
  2320 | D:4      | Reached skill level 3 in Dodging
  2320 | D:4      | Reached XP level 5. HP: 16/38 MP: 0/0
  2320 | D:4      | Learned a level 2 spell: Searing Ray
  2559 | D:4      | Reached skill level 4 in Dodging
  3088 | D:4      | Slain by an orc wizard

Illustrated notes

Levels and vault maps discovered:
D:1:      sevenhm_arrival_forest_fort_large_2, layout_basic,
          ebering_ecumenical_altar_ruins, serial_aquarium,
          aquarium_bridge_straight [aquarium_subvault_bridge,
          aquarium_subvault_window, aquarium_subvault_bridge,
          aquarium_subvault_wall], aquarium_bridge_square
          [aquarium_subvault_wall, aquarium_subvault_bridge,
          aquarium_subvault_wall, aquarium_subvault_bridge],
          aquarium_window_fake, aquarium_window_1, aquarium_view_2f,
          aquarium_pool_1, minmay_misc_feat_rugged
D:2:      layout_basic
D:3:      layout_basic, minmay_vboxes
D:4:      layout_loops_corners, dreamdust_mushroom_princess, dk_rats_in_the_wall

Skill      XL: |  1  2  3  4  5 |
---------------+----------------+-----
Shields        | 1 2 3 |  3.0
Dodging        | 3 4 |  4.2
Fighting       | |  2.0
Long Blades    | |  1.7
Throwing       | |  0.7
Armour         | |  1.0
Spellcasting   | |  2.7

Action                   |  1- 3 |  4- 6 || total
-------------------------+-------+-------++-------
Melee: Falchion          |    23 |       ||    23
       Dagger            |    29 |    29 ||    58
       Quarterstaff      |       |    50 ||    50
Armor: Leather armour    |    15 |     5 ||    20
Dodge: Dodged            |    26 |    42 ||    68
Block: Kite shield       |    20 |    12 ||    32
